AoeStats
← BSHammer

Lombardia

508342803Analyzed
4v4 RM · 11d ago on Sep 22, 2026· 23m 32s· 8 players
Game mode
Random Map
Map size
Large (8 player)
Population
200
Speed
Normal
Resources
Standard
Victory
Conquest
Starting age
Dark Age
Ending age
Imperial Age
RankedLock teamsTeams togetherTeam positionsShared explorationLock speedFull tech treeHidden civsTurbo modeCheats
Victory
Defeat
🇨🇱 Khmer · Chile
1636
+16
🇨🇦 Poles · Canada
1598
+18
🇺🇸 Mongols · United States
1574
+19
🇨🇳 Magyars · China
1536
+20
🇺🇸 Bengalis · United States
1653
-19
🇨🇳 Magyars · China
1653
-19
🇺🇸 Vikings · United States
1638
-18
🇺🇸 Hindustanis · United States
1595
-17
The Quadfather
6:13 Loom
8:57 Feudal Age
9:36 Double-Bit Axe
9:54 Horse Collar
17:01 Castle Age
16:07 Forging
17:13 Scale Barding Armor
21:51 Bloodlines
23:50 Wheelbarrow
23:25 Heavy Plow
ノルフ
4:11 Loom
9:42 Feudal Age
10:15 Double-Bit Axe
10:32 Horse Collar
14:17 Forging
15:55 Scale Barding Armor
21:39 Castle Age
20:17 Gold Mining
22:12 Bloodlines
23:04 Iron Casting
22:01 Light Cavalry
22:50 Husbandry
23:20 Bow Saw
enzoyin68
8:33 Feudal Age
10:07 Horse Collar
15:44 Wheelbarrow
17:31 Scale Barding Armor
22:52 Castle Age
21:19 Bloodlines
22:54 Light Cavalry
23:35 Husbandry
23:57 Chain Barding Armor
23:37 Double-Bit Axe
QNA | Apachai Hopachai
4:42 Loom
7:37 Feudal Age
12:14 Double-Bit Axe
19:11 Horse Collar
23:03 Castle Age
21:48 Gold Mining
22:03 Stone Mining
Lucas Ducas
6:07 Loom
10:25 Feudal Age
11:36 Double-Bit Axe
11:22 Man-at-Arms
12:45 Arson
13:26 Horse Collar
15:07 Town Watch
22:51 Castle Age
21:52 Stone Mining
BSHammer
9:24 Feudal Age
8:54 Loom
14:34 Forging
15:46 Scale Barding Armor
19:42 Horse Collar
19:49 Double-Bit Axe
22:05 Bloodlines
koriko9397
11:04 Feudal Age
15:00 Castle Age
13:18 Double-Bit Axe
13:43 Horse Collar
16:02 Bow Saw
17:43 Loom
23:47 Wheelbarrow
小白
6:42 Loom
9:25 Feudal Age
10:04 Double-Bit Axe
10:41 Horse Collar
15:10 Scale Barding Armor
18:11 Wheelbarrow
23:26 Castle Age
21:56 Gold Mining
21:57 Stone Mining
23:27 Bloodlines
Connection lost

Rejoining the realm…

Still unreachable

The connection could not be restored.

Session expired

The server has moved on; the page needs a fresh start.